 Dungeon Crawl Stone Soup version 0.31.0-32-g396128a36d (webtiles) character file.

Game seed: 4321131352438818395

982 H0rd4k the Martial Artist (level 8, -3/52 HPs)
             Began as an Octopode Artificer on Apr 18, 2024.
             Slain by Duvessa
             ... wielding a +0 rapier
              (7 damage)
             ... on level 5 of the Dungeon.
             The game lasted 00:03:35 (4320 turns).

H0rd4k the Martial Artist (Octopode Artificer)      Turns: 4320, Time: 00:03:36

Health: -3/52      AC:  1    Str: 11    XL:     8   Next: 17%
Magic:  8/8        EV: 13    Int: 16    God:
Gold:   208        SH:  0    Dex: 12    Spells: 7/7 levels left

rFire   . .          .
                       - Unarmed
rCold   . . .        (no shield)
rNeg    . . .        (helmet restricted)
rPois   .            n - amulet of regeneration
rElec   .            h - ring of resist corrosion
rCorr   +            (no ring)
SInv    .            (no ring)
Will    .....        (no ring)
Stlth   +++          (no ring)
HPRegen 1.08/turn    (no ring)
MPRegen 0.11/turn    (no ring)
                     (no ring)

%: no passive effects
@: no status effects
A: almost no armour, amphibious, 8 rings, camouflage 1, gelatinous body 1,
(nimble swimmer 1), tentacles
a: no special abilities


You were on level 5 of the Dungeon.
You visited 1 branch of the dungeon, and saw 5 of its levels.

You collected 208 gold pieces.

Inventory:

Missiles
 t - 6 poisoned darts
Jewellery
 h - a ring of resist corrosion (left tentacle)
 n - an amulet of regeneration (around mantle)
 q - a +6 ring of dexterity
Wands
 c - a wand of charming (8)
 d - a wand of iceblast (3)
Scrolls
 a - 3 scrolls of teleportation {unknown}
 b - a scroll of immolation {unknown}
 g - a scroll of fear {unknown}
 i - 6 scrolls of identify {unknown}
 j - a scroll of blinking {unknown}
 k - a scroll of amnesia {unknown}
 l - 4 scrolls of noise {unknown}
 m - 2 scrolls of enchant weapon {unknown}
 o - 2 scrolls of poison {unknown}
 s - a scroll of vulnerability {unknown}
 x - a scroll of enchant armour {unknown}
Potions
 e - a potion of degeneration {unknown}
 f - 2 potions of haste {unknown}
 p - 2 potions of enlightenment {unknown}
 r - 2 potions of curing {unknown}
 u - a potion of heal wounds {unknown}
 v - 2 potions of magic {unknown}
 w - a potion of berserk rage {unknown}


   Skills:
 + Level 3.3 Fighting
 - Level 2.3 Dodging
 - Level 1.3 Stealth
 + Level 8.4 Unarmed Combat
 - Level 3.2 Evocations


You had 7 spell levels left.
You didn't know any spells.
Your spell library contained the following spells:

 Spells                   Type           Power      Damage    Failure   Level
 Lesser Beckoning         Tloc           0%         N/A       36%         2
 Gell's Gravitas          Tloc           0%         N/A       58%         3
 Teleport Other           Tloc           0%         N/A       58%         3


Dungeon Overview and Level Annotations

Branches:
Dungeon (5/15)
 Temple: D:4-7

Altars:
Xom

Shops:
D:4 :

Annotations:
D:5 Dowan, Duvessa


Innate Abilities, Weirdness & Mutations

You cannot wear most types of armour.
You are amphibious.
You can wear up to eight rings at the same time.
Your skin changes colour to match your surroundings (Stealth+).
Your rubbery body absorbs attacks. (AC +1, EV +1)
((You are camouflaged when in or above water. (Stealth+)))
You have tentacles for arms and can constrict up to eight enemies at once.


Message History

Duvessa shouts!
Duvessa seems to speed up.
Found an emerald potion.
Dowan casts a spell at you. The puff of flame hits you.
There are monsters nearby!
Duvessa hits you with a +0 rapier!
There are monsters nearby!
You bludgeon Duvessa! You grab Duvessa.
You tentacle-slap Duvessa, but do no damage.
You squeeze Duvessa.
Duvessa is moderately wounded.
You constrict Duvessa, but do no damage.
Duvessa closely misses you. Duvessa barely misses you.
You tentacle-slap Duvessa.
Duvessa is moderately wounded.
You constrict Duvessa. Dowan misses you. Duvessa hits you with a +0 rapier!
Aiming: Charm
Press: ? - help, Shift-Dir - straight line, f - Dowan
Aim: Dowan, wielding a +0 dagger and wearing a +1 robe of willpower (chance to affect: 23%) Dowan resists with almost no effort.
You constrict Duvessa. Duvessa misses you. Dowan hits you with a +0 dagger.
Unknown command.
Aiming: Charm
Press: ? - help, Shift-Dir - straight line, f/p - Dowan
Aim: Dowan, wielding a +0 dagger and wearing a +1 robe of willpower (chance to affect: 23%) Dowan resists with almost no effort.
You constrict Duvessa, but do no damage.
Duvessa misses you. Dowan misses you. Duvessa completely misses you.
Aiming: Charm
Press: ? - help, Shift-Dir - straight line, f/p - Dowan
Aim: Dowan, wielding a +0 dagger and wearing a +1 robe of willpower (chance to affect: 23%) Dowan resists with almost no effort.
You constrict Duvessa. Duvessa hits you with a +0 rapier!
Dowan hits you with a +0 dagger.
* * * LOW HITPOINT WARNING * * *
You release your grip on Duvessa.
Duvessa attacks as she pursues you! Duvessa hits you with a +0 rapier!
* * * LOW HITPOINT WARNING * * *
Duvessa hits you with a +0 rapier!
You die...

.........#.......(..##
.........#...........#
)........#...........#
.##.##..###...##.....#
.##.##..#####'##.....#
.#..................##
.+..................#
.#..................#
.##...####....##@...#
###...# #######ee..#
>'.... ...........#
..#... ...........#
..#.. ...........#
...!.##.....# .....
#.....# .... ......+
.... ......#


You could see Duvessa (fast) and Dowan.

Vanquished Creatures
  2 ogres
  A phantom (D:4)
  A gnoll sergeant (D:5)
  A scorpion (D:5)
  A vampire bat (D:4)
  2 bombardier beetles
  A jelly (D:4)
  2 sleepcaps (D:4)
  4 iguanas
  2 gnolls (D:5)
  8 adders
  A white imp (D:4)
  2 ribbon worms (D:5)
  7 dart slugs
  3 fire bats (D:4)
  13 orcs
  2 spectral bats (D:4)
  15 bats
  3 bat skeletons (D:4)
  A bat zombie (D:4)
  8 endoplasms
  7 giant cockroaches
  5 hobgoblins
  4 jackals (D:1)
  A quokka (D:1)
  8 ball pythons
  A bat simulacrum (D:4)
  3 frilled lizards
  8 goblins
  6 kobolds
  5 rats
128 creatures vanquished.

Vanquished Creatures (collateral kills)
  A sleepcap (D:4)
1 creature vanquished.

Vanquished Creatures (others)
  A gnoll (D:5)
  An adder (D:4)
2 creatures vanquished.

Grand Total: 131 creatures vanquished

Notes
Turn   | Place    | Note
-------+----------+-------------------------------------------
     0 | D:1      | H0rd4k the Octopode Artificer began the quest for the Orb.
     0 | D:1      | Reached XP level 1. HP: 13/13 MP: 1/1
   195 | D:1      | Reached skill level 1 in Unarmed Combat
   341 | D:1      | Reached XP level 2. HP: 13/18 MP: 2/2
   371 | D:1      | Found a faded altar of an unknown god.
   435 | D:1      | Reached skill level 2 in Unarmed Combat
   520 | D:1      | Reached XP level 3. HP: 13/23 MP: 3/3
  1050 | D:2      | Reached skill level 3 in Unarmed Combat
  1050 | D:2      | Reached XP level 4. HP: 21/29 MP: 4/4
  1924 | D:3      | Found a shimmering altar of Xom.
  1949 | D:3      | Found a shimmering altar of Xom.
  1951 | D:3      | Found a shimmering altar of Xom.
  1955 | D:3      | Found a shimmering altar of Xom.
  1957 | D:3      | Found a shimmering altar of Xom.
  1957 | D:3      | Found a shimmering altar of Xom.
  2006 | D:3      | Reached skill level 4 in Unarmed Combat
  2151 | D:3      | Reached XP level 5. HP: 34/34 MP: 5/5
  2621 | D:4      | Reached skill level 5 in Unarmed Combat
  2674 | D:4      | Reached XP level 6. HP: 39/39 MP: 6/6
  2771 | D:4      | Reached skill level 6 in Unarmed Combat
  2924 | D:4      | Found Fidirgho's Book Shop.
  3186 | D:4      | Reached XP level 7. HP: 45/45 MP: 7/7
  3361 | D:4      | Reached skill level 7 in Unarmed Combat
  3937 | D:5      | Entered Level 5 of the Dungeon
  4217 | D:5      | Reached skill level 8 in Unarmed Combat
  4217 | D:5      | Reached XP level 8. HP: 46/52 MP: 8/8
  4311 | D:5      | Noticed Dowan
  4311 | D:5      | Noticed Duvessa
  4320 | D:5      | Slain by Duvessa

Illustrated notes

Levels and vault maps discovered:
D:1:      roadster_arrival_rocket_large, layout_basic,
          dreamdust_ecumenical_altar_hidden_monk_grotto, nrook_mini_backslash
D:2:      layout_loops_ring
D:3:      layout_loops_corners, xom_redecorated
D:4:      minmay_razor_zed, layout_layer_cave, serial_shops, shop, st_stairs_13,
          goddamned_bats
D:5:      layout_gridville, uniq_duvessa

Skill      XL: |  1  2  3  4  5  6  7 |
---------------+----------------------+-----
Unarmed Combat | 1 2 3 4 5 6 8 |  8.4
Fighting       | 2 3 |  3.3
Dodging        | |  2.3
Stealth        | |  1.3
Evocations     | |  3.2

Action                     |  1- 3 |  4- 6 |  7- 9 || total
---------------------------+-------+-------+-------++-------
  Melee: Unarmed           |    76 |   127 |    93 ||   296
         Tentacles         |    21 |    28 |    25 ||    74
         Constrict         |    19 |    31 |    17 ||    67
         Punch             |     2 |     8 |     9 ||    19
  Evoke: Wand              |       |    11 |    13 ||    24
   Stab: Sleeping          |     5 |    10 |    12 ||    27
 Armour: Skin              |    31 |    53 |    54 ||   138
  Dodge: Dodged            |    47 |    62 |    67 ||   176
